 Dungeon Crawl Stone Soup version 0.31-a0-1388-g4b2ba238e7 (webtiles) character file.

Game seed: 9322274997917883877

2780411 RepHenryClay the Conqueror (level 27, 323/323 HPs)
             Began as an Oni Fighter on Dec 23, 2023.
             Was the Champion of Okawaru.
             Escaped with the Orb
             ... and 5 runes on Dec 24, 2023!
             The game lasted 03:14:53 (84588 turns).

RepHenryClay the Conqueror (Oni Fighter)           Turns: 84588, Time: 03:14:54

Health: 323/323    AC: 41    Str: 38    XL:     27
Magic:  10/10      EV: 13    Int: 11    God:    Okawaru [******]
Gold:   5256       SH: 37    Dex: 12    Spells: 20/26 levels left

rFire   + + .        b - +5 demon whip "Spellbinder" {antimagic, disrupt, Will+}
rCold   + + +        T - +10 tower shield of Unambiguity {Fly rElec rC+ Slay+3}
rNeg    + . .        p - +12 gold dragon scales
rPois   +            c - +3 crown of Dyrovepreva {rElec Int+2 SInv}
rElec   +            I - scarf {rC+ rF+}
rCorr   +            (gloves unavailable)
SInv    +            (boots unavailable)
Will    ++++.        B - amulet of reflection Stlth
                     F - ring "Cura" {rN+ rCorr Str+4 Stlth+}
HPRegen 0.73/turn    Y - ring of willpower
MPRegen 0.12/turn

%: reflection
@: flying, studying 3 skills
A: large, unfitting armour, horns 1, tough skin 1, double potion healing,
drunken brawling, talons 1, shaggy fur 1
0: Orb of Zot
}: 5/15 runes: decaying, serpentine, slimy, silver, abyssal
a: Renounce Religion, Heroism, Finesse, Duel


You escaped.
You worshipped Okawaru.
Okawaru was exalted by your worship.
You visited 11 branches of the dungeon, and saw 53 of its levels.
You visited the Abyss 1 time.
You visited 2 bazaars.
You also visited: Trove, Bailey and Ice Cave.

You collected 8869 gold pieces.
You spent 3613 gold pieces at shops.

Inventory:

Hand Weapons
 a - a +8 eveningstar of flaming
 b - the +5 demon whip "Spellbinder" (weapon) {antimagic, disrupt, Will+}
   (Okawaru gifted it to you on level 11 of the Dungeon)

   Will+:     It increases your willpower.
Missiles
 d - 123 large rocks (quivered)
 h - 14 javelins
 D - 28 poisoned darts
 G - 3 throwing nets
 H - 5 boomerangs
 P - 2 curare-tipped darts
 Z - 34 silver javelins
Armour
 c - the +3 crown of Dyrovepreva (worn) {rElec Int+2 SInv}
   (You bought it in a shop in a bazaar)

   Int+2:     It affects your intelligence (+2).
   rElec:     It insulates you from electricity.
   SInv:      It lets you see invisible.
 p - +12 gold dragon scales (worn)
 I - a scarf of resistance (worn)
 T - the +10 tower shield of Unambiguity (worn) {Fly rElec rC+ Slay+3}
   (Okawaru gifted it to you on level 11 of the Dungeon)

   Slay+3:    It affects your accuracy & damage with ranged weapons and melee
   (+3).
   rC+:       It protects you from cold.
   rElec:     It insulates you from electricity.
   Fly:       It grants you flight.
Jewellery
 q - the amulet of Wonder {Harm Regen+ Int+3}
   (You found it in a treasure trove)

   [amulet of regeneration]

   Int+3:     It affects your intelligence (+3).
   Regen+:    It increases your rate of health regeneration.
   Harm:      It increases damage dealt and taken.
 B - an amulet of reflection (around neck)
 F - the ring "Cura" (left hand) {rN+ rCorr Str+4 Stlth+}
   (You found it in a treasure trove)

   [ring of positive energy]

   Str+4:     It affects your strength (+4).
   rN+:       It protects you from negative energy.
   rCorr:     It protects you from acid and corrosion.
   Stlth+:    It makes you more stealthy.
 L - the ring of Xiutsur {rPois rF+ MP+9 Stlth+}
   (You found it in a treasure trove)

   [ring of protection from fire]

   rF+:       It protects you from fire.
   rPois:     It protects you from poison MP+9: It affects your magic capacity
   (+9).
   Stlth+:    It makes you more stealthy.
 N - the ring of Irrepressible Laughter {*Slow Fly Will+++ Str+3 Slay+4}
   (You found it in a treasure trove)

   [ring of slaying]

   Str+3:     It affects your strength (+3).
   Slay+4:    It affects your accuracy & damage with ranged weapons and melee
   (+4).
   Will+++:   It greatly increases your willpower.
   Fly:       It grants you flight.
   *Slow:     It may slow you when you take damage.
 Y - a ring of willpower (right hand)
Wands
 r - a wand of iceblast (53)
 w - a wand of paralysis (40)
 x - a wand of mindburst (121)
 K - a wand of digging (22)
 M - a wand of quicksilver (40)
Scrolls
 e - a scroll of enchant armour
 g - 2 scrolls of silence
 i - 2 scrolls of torment
 l - 9 scrolls of blinking
 v - 18 scrolls of teleportation
 y - 31 scrolls of identify {@r1}
 z - 4 scrolls of brand weapon
 A - 8 scrolls of fog
 R - 4 scrolls of fear
 S - 14 scrolls of immolation
 V - 6 scrolls of revelation
 W - 5 scrolls of poison
Potions
 f - 6 potions of brilliance
 j - 9 potions of enlightenment
 k - 8 potions of heal wounds
 m - 30 potions of curing
 n - 4 potions of magic
 o - 3 potions of cancellation
 s - 4 potions of mutation
 t - 9 potions of haste
 u - 2 potions of ambrosia
 E - 6 potions of might
 J - 3 potions of resistance
 O - 6 potions of attraction
 Q - 5 potions of lignification
 X - 8 potions of invisibility
Miscellaneous
 C - a condenser vane
 U - a phial of floods


   Skills:
 O Level 27 Fighting
 - Level 16.0 Maces & Flails
 - Level 16.0 Throwing
 - Level 22.0 Armour
 + Level 21.0 Dodging
 - Level 22.0 Shields
 - Level 10.0 Translocations
 - Level 10.0 Invocations


You had 20 spell levels left.
You knew the following spells:

 Your Spells              Type           Power      Damage    Failure   Level
a - Vhi's Electric Charg  Tloc/Air       22%        N/A       97%         4
b - Blink                 Tloc           44%        N/A       6%          2

Your spell library contained the following spells:

 Spells                   Type           Power      Damage    Failure   Level
 Apportation              Tloc           44%        N/A       4%          1
 Gell's Gravitas          Tloc           22%        N/A       12%         3
 Teleport Other           Tloc           22%        N/A       12%         3
 Passage of Golubria      Tloc           22%        N/A       38%         4
 Kiss of Death            Conj/Necr      0%         2d5       94%         1
 Magic Dart               Conj           0%         1d3       94%         1
 Necrotise                Necr           0%         1d4       94%         1
 Sting                    Conj/Alch      0%         1d3       94%         1
 Iskenderun's Mystic Bla  Conj/Tloc      11%        2d4       97%         4
 Jinxbite                 Hex            0%         N/A       98%         2
 Scorch                   Fire           0%         2d5       98%         2
 Searing Ray              Conj           0%         2d4       98%         2
 Sublimation of Blood     Necr           0%         N/A       98%         2
 Dispersal                Tloc           11%        N/A       99%         6
 Frozen Ramparts          Ice            0%         1d1       100%        3
 Inner Flame              Hex/Fire       0%         N/A       100%        3
 Stone Arrow              Conj/Erth      0%         3d7       100%        3
 Vampiric Draining        Necr           0%         2d6       100%        3
 Anguish                  Hex/Necr       0%         N/A       100%        4
 Brom's Barrelling Bould  Conj/Erth      0%         2d3       100%        4
 Cause Fear               Hex            0%         N/A       100%        4
 Flame Wave               Conj/Fire      0%         2d4       100%        4
 Ignite Poison            Fire/Alch      0%         N/A       100%        4
 Olgreb's Toxic Radiance  Alch           0%         N/A       100%        4
 Petrify                  Alch/Erth      0%         N/A       100%        4
 Sticky Flame             Fire/Alch      0%         2d4       100%        4
 Agony                    Necr           0%         N/A       100%        5
 Arcjolt                  Conj/Air       0%         1d10      100%        5
 Borgnjor's Vile Clutch   Necr/Erth      0%         N/A       100%        5
 Fireball                 Conj/Fire      0%         3d3       100%        5
 Irradiate                Conj/Alch      0%         3d11      100%        5
 Iskenderun's Battlesphe  Conj           0%         2d6       100%        5
 Lee's Rapid Deconstruct  Erth           0%         3d4*      100%        5
 Silence                  Hex/Air        0%         N/A       100%        5
 Yara's Violent Unravell  Hex/Alch       0%         3d3       100%        5
 Conjure Ball Lightning   Conj/Air       0%         3x3d6     100%        6
 Eringya's Noxious Bog    Alch           0%         4d6       100%        6
 Plasma Beam              Fire/Air       0%         2x1d10    100%        6
 Enfeeble                 Hex            0%         N/A       100%        7
 Orb of Destruction       Conj           0%         9d5       100%        7
 Ozocubu's Refrigeration  Ice            0%         4d7       100%        7
 Borgnjor's Revivificati  Necr           0%         N/A       100%        8
 Discord                  Hex            0%         N/A       100%        8
 Ignition                 Fire           0%         3d3       100%        8
 Lehudib's Crystal Spear  Conj/Erth      0%         10d2      100%        8
 Chain Lightning          Conj/Air       0%         N/A       100%        9
 Fire Storm               Conj/Fire      0%         5d1       100%        9
 Polar Vortex             Ice            0%         N/A       100%        9
 Shatter                  Erth           0%         3d5*      100%        9
 Summon Small Mammal      Summ           Unusable   N/A       N/A         1
 Call Imp                 Summ           Unusable   N/A       N/A         2
 Summon Guardian Golem    Hex/Summ       Unusable   N/A       N/A         3
 Tukima's Dance           Hex            Unusable   N/A       N/A         3
 Animate Armour           Summ/Erth      Unusable   N/A       N/A         4
 Animate Dead             Necr           Unusable   N/A       N/A         4
 Summon Ice Beast         Ice/Summ       Unusable   N/A       N/A         4
 Summon Lightning Spire   Summ/Air       Unusable   N/A       N/A         4
 Summon Forest            Summ/Tloc      Unusable   N/A       N/A         5
 Summon Mana Viper        Hex/Summ       Unusable   N/A       N/A         5
 Simulacrum               Ice/Necr       Unusable   N/A       N/A         6
 Summon Hydra             Summ           Unusable   N/A       N/A         7
 Dragon's Call            Summ           Unusable   N/A       N/A         9

Dungeon Overview and Level Annotations

Branches:
Dungeon (15/15)            Temple (1/1) D:6            Lair (5/5) D:11
  Swamp (4/4) Lair:3        Snake (4/4) Lair:2        Slime (5/5) Lair:4
    Orc (2/2) D:11            Elf (3/3) Orc:2        Vaults (5/5) D:14
  Crypt (0/3) Vaults:2     Depths (4/4) D:15            Zot (5/5) Depths:4
 Bailey (visited)           IceCv (visited)

Altars:
Ashenzari
Cheibriados
Dithmenos
Elyvilon
Fedhas
Gozag
Hepliaklqana
Kikubaaqudgha
Makhleb
Nemelex Xobeh
Okawaru
Qazlal
Ru
Sif Muna
Trog
Uskayaw
Vehumet
Wu Jian
Xom
Yredelemnul
Zin
The Shining One
Jiyva

Shops:
D:2 !   D:5 *   D:11 [   Orc:2 ((=(   Elf:3 !   Snake:1 ::=   Snake:2 ?
Vaults:1 =(([   Vaults:5 (   Depths:4 :

Portals:
Hell: Depths:1 Depths:2 Depths:3 Depths:4
Abyss: Depths:1 Depths:3
Pandemonium: Depths:2 Depths:3 Depths:4
Ziggurat: Depths:3

Annotations:
Depths:3 2 transporters, epsilonplus's ghost, adept AtFi


Innate Abilities, Weirdness & Mutations

You are too large for most types of armour.
You have a pair of small horns on your head.
You have tough skin. (AC +1)
You gain doubled healing and magic from potions.
Whenever you drink a healing potion, you attack all around you.
You have sharp toenails.
You are covered in fur. (AC +1)


Message History

You claw the blizzard demon, but do no damage.
The blizzard demon is moderately wounded.
You thrash the blizzard demon!!
The blizzard demon's magic leaks into the air.
The air around the blizzard demon burns with energy!
The blizzard demon is burned terribly!
You claw the blizzard demon, but do no damage.
Your headbutt misses the blizzard demon.
The blizzard demon is severely wounded.
You whack the blizzard demon!
The blizzard demon's magic leaks into the air.
The blizzard demon seems to dim momentarily.
The blizzard demon completely resists.
Your kick misses the blizzard demon. You headbutt the blizzard demon.
The blizzard demon is almost dead.
You hit the blizzard demon.
You kill the blizzard demon!
Okawaru accepts your kill.
Your Dodging skill increases to level 21!
No target in view!
What level of the Dungeon? (default 1, ? - help)
There is a stone staircase leading up here.
You fly upwards.
There is a stone staircase leading down here.
There is a stone staircase leading up here.
You fly upwards.
There is a stone staircase leading down here.
There is a stone staircase leading up here.
You fly upwards.
There is a stone staircase leading down here.
There is a large open door here.
There is a large open door here.
As you open the large door, it creaks loudly!
There is a large open door here.
There is a large open door here.
There is a large open door here.
There is a large open door here.
There is an open door here.
There is a staircase leading out of the dungeon here.
You have escaped!

....................###########.###
..................#.# #....
#.........[.......#.###############
.....#.##..........................
###..#..#.#######.#.###############
#..#..#+####.................)...
#..#......##.≈≈≈≈≈≈≈≈≈≈.≈≈≈≈≈≈≈≈≈
#..#......##.≈######♣##'##♣######
#..#......##.≈#@.8#~ ~#'#~♣~#8.>#
###..#......##.≈#...##8##.##8##...#
.#...#..#'####.≈#...'.........'...#
.########.####.≈#...###8#'#8###...#
...............≈#8.8##♣##'##♣##8.8#
.########......≈##'##♣~.....~♣##'##
.### ##.####.≈≈#.##♣.......♣##.#≈
...## ##...###.###.8#.........#8.##
.#..###..~..##.#~#.##...~♣~...##.#~


There were no monsters in sight!

Vanquished Creatures
  the Royal Jelly (Slime:5)
  7 dread liches
  Frederick (Depths:2)
  3 ancient liches
  6 orbs of fire
  Mennas (Depths:3)
  A juggernaut (Depths:2)
  Mara (Depths:1)
  Vv (Zot:1)
  5 Killer Klowns
  Parghit (Depths:4)
  2 curse toes
  Nikola (Elf:2)
  Norris (Depths:3)
  9 golden dragons
  Jory (Depths:3)
  A pandemonium lord (Zot:4)
  A bone dragon (Zot:2)
  A Brimstone Fiend (D:11)
  6 electric golems
  16 tentacled monstrosities
  2 Hell Sentinels
  30 Orb Guardians
  A lich (Vaults:5)
  4 titans
  3 deep elf blademasters (Elf:3)
  4 sphinxes
  2 Ice Fiends
  2 deep elf master archers (Elf:3)
  6 quicksilver dragons
  15 acid blobs
  4 tentacled starspawn (Abyss:3)
  An Executioner (Abyss:3)
  13 death cobs
  10 shadow dragons
  24 storm dragons
  Kirke (Swamp:3)
  15 tengu reavers
  Agnes (Snake:4)
  2 thorn hunters
  Aizul (Snake:4)
  Donald (Swamp:3)
  Roxanne (Swamp:2)
  11 fire giants
  7 nagarajas
  15 rockslimes
  4 draconian knights
  8 frost giants
  4 draconian monks
  11 azure jellies
  5 draconian shifters
  10 protean progenitors
  5 deep elf sorcerers
  5 iron dragons
  5 draconian scorchers
  23 vault wardens
  3 balrugs
  Louise (Snake:4)
  2 deep elf elementalists (Elf:3)
  11 draconian stormcallers
  6 cacodemons
  5 ghost moths
  2 orc warlords
  2 spriggan defenders (Depths:4)
  2 draconian annihilators (Zot:1)
  6 war gargoyles
  8 quicksilver oozes
  4 broodmothers
  15 very ugly things
  A demonspawn corrupter (D:12)
  17 stone giants
  3 eleionomae
  5 ironbound thunderhulks
  10 formless jellyfish
  23 ironbound preservers
  6 deep elf death magi
  Nessos (D:13)
  5 deep elf demonologists
  17 green draconians
  A vampire knight (Depths:4)
  7 black draconians
  11 deep elf annihilators (Elf:3)
  9 dire elephants
  Azrael (D:13)
  10 yellow draconians
  8 spark wasps
  6 purple draconians
  9 white draconians
  8 bunyips
  12 red draconians
  A crystal guardian (Vaults:3)
  A blizzard demon (D:4)
  5 entropy weavers
  An eidolon (Abyss:3)
  15 ettins
  5 deep elf high priests
  4 shambling mangroves
  14 yaktaur captains
  18 fire dragons
  2 green deaths (Depths:4)
  Fannar (D:10)
  5 ice dragons
  2 peacekeepers
  A hell beast (Depths:3)
  5 spriggan air magi
  Erolcha (Orc:2)
  11 great orbs of eyes
  38 vault guards
  6 centaur warriors
  3 salamander tyrants
  3 rakshasas
  3 ghost crabs
  An ogre mage (D:15)
  3 catoblepae
  21 hydras
  9 alligators
  7 two-headed ogres
  9 anacondas
  A death knight (D:14)
  12 ironbound frosthearts
  4 boulder beetles
  Erica (D:7)
  30 dancing weapons
  3 deep troll shamans
  12 naga warriors
  3 hell hogs (Depths:3)
  3 vampire magi
  2 death yaks (Lair:5)
  Urug (Orc:2)
  3 orc high priests
  2 thrashing horrors (Abyss:3)
  3 deep troll earth magi (Depths:4)
  16 spriggans
  2 sun demons
  8 tengu warriors
  11 hell knights
  4 spriggan berserkers
  9 shock serpents
  2 soul eaters
  19 deep elf knights
  15 naga sharpshooters
  2 skysharks (Depths:2)
  A wretched star (Abyss:3)
  2 iron trolls (Depths:4)
  5 skeletal warriors (D:14)
  3 salamander mystics
  A skyshark (shapeshifter) (Vaults:5)
  3 sea snakes (Zot:1)
  2 cherubim (Elf:2)
  7 goliath frogs
  6 spriggan druids
  5 swamp dragons
  7 spriggan simulacra (IceCv)
  7 large abominations
  6 glowing orange brains
  3 flayed ghosts
  21 ironbound convokers
  A shadow demon (Zot:4)
  An obsidian statue (IceCv)
  21 deep elf archers
  9 arcanists
  An orange crystal statue (Zot:5)
  71 deep trolls
  4 bog bodies
  A shadow dragon zombie (Vaults:5)
  7 lindwurms
  5 orc knights
  Pikel (D:4)
  5 phantasmal warriors
  34 deep elf pyromancers
  8 necromancers
  7 naga ritualists
  34 deep elf zephyrmancers
  10 harpies (Vaults:1)
  5 starcursed masses (Abyss:3)
  A manticore (D:14)
  12 mana vipers
  21 salamanders
  9 shining eyes
  7 orc sorcerers
  A frost giant zombie (Depths:1)
  33 ugly things
  3 will-o-the-wisps (Swamp:4)
  8 cyclopes
  28 moths of wrath
  Maurice (D:10)
  15 elephants
  31 black mambas
  2 tengu skeletons
  21 vault sentinels
  7 kobold blastminers
  2 torpor snails (Lair:5)
  Joseph (D:9)
  2 eyes of devastation
  3 hellions (Zot:2)
  33 naga magi
  2 unseen horrors
  3 smoke demons
  Maggie (D:8)
  18 cane toads
  4 kobold demonologists
  7 komodo dragons
  An unseen horror (shapeshifter) (D:15)
  An efreet (D:15)
  An ancient zyme (Abyss:3)
  5 ice devils (IceCv)
  2 tengu conjurers
  3 freezing wraiths
  29 yaktaurs
  A yaktaur skeleton (Vaults:5)
  A golden dragon simulacrum (IceCv)
  4 polar bears
  5 trolls
  A troll (shapeshifter) (Vaults:4)
  A queen bee (shapeshifter) (D:13)
  10 tyrant leeches
  13 hornets
  11 raiju (Abyss:3)
  A stone giant simulacrum (Vaults:5)
  13 dream sheep
  3 glass eyes
  19 blink frogs
  A frost giant simulacrum (Depths:1)
  3 centaur simulacra
  94 slime creatures
  Sigmund (D:3)
  37 yaks
  2 water elementals
  A jumping spider (Vaults:1)
  4 dire elephant simulacra (IceCv)
  3 air elementals
  4 basilisks
  A wraith (D:11)
  3 ynoxinuls
  6 wyverns
  A fire bat (shapeshifter) (Depths:3)
  23 golden eyes
  A human (Swamp:4)
  5 hogs
  6 fire elementals
  3 redbacks (Vaults:2)
  23 vampire mosquitoes
  9 minotaur simulacra (IceCv)
  A steam dragon (D:7)
  3 wargs
  A yaktaur simulacrum (Vaults:1)
  18 swamp worms
  2 harpy simulacra (IceCv)
  40 nagas
  An acid dragon (D:11)
  3 hell hounds (D:13)
  3 ice beasts
  10 water moccasins
  35 orc warriors
  A glowing shapeshifter skeleton (Depths:1)
  An ogre skeleton (Vaults:5)
  8 swamp drakes
  3 black bears
  A black bear (shapeshifter) (D:14)
  2 boggarts
  3 laughing skulls (Abyss:3)
  16 wolves
  2 ettin simulacra (IceCv)
  7 centaurs
  2 lemures (D:4)
  A phantom (D:5)
  7 weeping skulls (Abyss:3)
  5 kobold brigands
  4 elf zombies (Elf:1)
  19 bullfrogs
  4 earth elementals
  5 scorpions
  7 deep troll simulacra (IceCv)
  A human skeleton (Vaults:1)
  29 small abominations
  22 wights
  9 killer bees
  5 electric eels
  3 lindwurm simulacra (IceCv)
  4 howler monkeys
  2 lava snakes (Swamp:4)
  Crazy Yiuf (D:4)
  27 orc priests
  4 hounds
  6 sleepcaps
  Ijyb (D:4)
  2 iguanas (D:6)
  49 orc wizards
  The ghost of bmb222 the Sneak, a weakling FoDe (D:5)
  4 adders
  5 gnolls (Bailey)
  A shadow imp (D:7)
  A bombardier beetle (D:5)
  2 white imps
  4 ufetubi
  5 dart slugs
  2 worms (D:2)
  106 orcs
  6 bats
  3 endoplasms
  6 giant cockroaches
  21 goblins
  9 hobgoblins
  2 jackals (D:4)
  6 quokkas
  9 ball pythons
  3 frilled lizards
  16 kobolds
  A rat (D:3)
  An aspiring flesh (Zot:3)
  3 starspawn tentacles (Abyss:3)
2456 creatures vanquished.

Vanquished Creatures (others)
  Frances (D:13)
  A draconian scorcher (Zot:4)
  An ironbound thunderhulk (Vaults:4)
  2 alligators
  3 deep elf knights
  2 bog bodies (Swamp:3)
  A glowing orange brain (Abyss:3)
  A swamp dragon (Swamp:4)
  2 deep elf pyromancers
  An ironbound convoker (Vaults:4)
  A deep elf zephyrmancer (Elf:3)
  A salamander (Depths:3)
  2 naga magi
  4 bloated husks
  A blink frog (Lair:5)
  A slime creature (Abyss:3)
  3 water elementals
  A basilisk (Lair:2)
  A naga (Snake:3)
  A swamp drake (Swamp:4)
  An orc wizard (Orc:2)
  An ufetubus (Abyss:3)
  24 foxfires (Swamp:4)
  4 starspawn tentacles (Abyss:3)
61 creatures vanquished.

Grand Total: 2517 creatures vanquished

Notes
Turn   | Place    | Note
-------+----------+-------------------------------------------
     0 | D:1      | RepHenryClay the Oni Fighter began the quest for the Orb.
     0 | D:1      | Reached XP level 1. HP: 24/24 MP: 1/1
    64 | D:1      | Reached XP level 2. HP: 26/32 MP: 2/2
   569 | D:1      | Reached XP level 3. HP: 38/39 MP: 3/3
  1248 | D:2      | Found Loxzen's Distillery.
  1275 | D:2      | Bought a potion of curing for 42 gold pieces
  1693 | D:2      | Reached XP level 4. HP: 48/48 MP: 4/4
  1910 | D:3      | Noticed Sigmund
  1934 | D:3      | Killed Sigmund
  1935 | D:3      | Reached XP level 5. HP: 38/54 MP: 5/5
  2099 | D:3      | Reached XP level 6. HP: 61/62 MP: 6/6
  2409 | D:3      | Found a faded altar of an unknown god.
  2995 | D:4      | Noticed Pikel
  3554 | D:4      | Noticed Ijyb
  3583 | D:4      | Killed Ijyb
  3770 | D:4      | Paralysed by Pikel for 4 turns
  3783 | D:4      | Paralysed by Pikel for 2 turns
  3801 | D:4      | Killed Pikel
  3802 | D:4      | Reached XP level 7. HP: 38/70 MP: 7/7
  4147 | D:4      | Found a runed translucent door.
  4148 | D:4      | Noticed Crazy Yiuf
  4225 | D:5      | Entered Level 5 of the Dungeon
  4225 | D:5      | Found Mitwe's General Store.
  4234 | D:5      | Reached XP level 8. HP: 73/78 MP: 8/8
  4236 | D:5      | Bought a scroll of identify for 24 gold pieces
  4236 | D:5      | Bought a scroll of brand weapon for 114 gold pieces
  4338 | D:5      | Reached skill level 5 in Dodging
  4338 | D:5      | Reached skill level 5 in Shields
  4987 | D:5      | Found a burning altar of Makhleb.
  5098 | D:5      | Found a runed translucent door.
  5106 | D:5      | Noticed bmb222's ghost (weakling FoDe)
  5628 | D:6      | Reached skill level 1 in Armour
  5975 | D:6      | Reached XP level 9. HP: 42/84 MP: 9/9
  6716 | D:6      | Reached skill level 10 in Maces & Flails
  7067 | D:6      | Found a staircase to the Ecumenical Temple.
  7075 | Temple   | Entered the Ecumenical Temple
  7119 | Temple   | Became a worshipper of Warmaster Okawaru
  7268 | D:7      | Reached XP level 10. HP: 82/92 MP: 10/10
  7271 | D:7      | Reached skill level 5 in Armour
  7507 | D:7      | Noticed a +0 dagger
  7507 | D:7      | Noticed a +0 short sword
  7770 | D:7      | Noticed a +0 short sword
  7770 | D:7      | Noticed a +0 dagger
  7771 | D:7      | Noticed a +0 falchion
  7771 | D:7      | Noticed a +0 spear
  7772 | D:7      | Noticed a +0 spear
  7772 | D:7      | Noticed a +0 falchion
  7777 | D:7      | Found a hide-covered altar of Uskayaw.
  7948 | D:7      | Noticed a two-headed ogre
  7955 | D:7      | Killed a two-headed ogre
  7955 | D:7      | Reached * piety under Okawaru
  8009 | D:7      | Reached skill level 1 in Invocations
  8629 | D:8      | Noticed Erica
  9068 | D:2      | Bought a potion of magic for 112 gold pieces
  9068 | D:2      | Bought a potion of degeneration for 14 gold pieces
  9199 | D:8      | Identified the +6 dagger of Bosot {vamp, rC- rN+++ Int+5
                  | Stlth+}
  9515 | D:7      | Reached ** piety under Okawaru
  9637 | D:7      | Reached skill level 5 in Invocations
  9861 | D:7      | Killed Erica
  9862 | D:7      | Reached skill level 6 in Fighting
  9862 | D:7      | Reached XP level 11. HP: 76/105 MP: 12/14
 10213 | D:8      | Noticed Maggie
 10227 | D:8      | Killed Maggie
 10228 | D:8      | Reached skill level 7 in Fighting
 10393 | D:8      | Reached *** piety under Okawaru
 10606 | D:9      | Noticed Joseph
 10670 | D:9      | Killed Joseph
 11027 | D:9      | Reached skill level 8 in Fighting
 11294 | D:9      | Reached **** piety under Okawaru
 12065 | D:10     | Entered Level 10 of the Dungeon
 12065 | D:10     | Noticed a cyclops
 12156 | D:10     | Noticed Maurice
 12239 | D:10     | Noticed Fannar
 12253 | D:10     | Killed Fannar
 12254 | D:10     | Maurice stole an amulet of the acrobat
 12256 | D:10     | Killed Maurice
 12262 | D:10     | Killed a cyclops
 12297 | D:10     | Found a flagged portal.
 12332 | Bailey   | Entered a bailey
 12581 | Bailey   | Reached ***** piety under Okawaru
 12729 | Bailey   | Noticed an orc knight
 12737 | Bailey   | Killed an orc knight
 12737 | Bailey   | Received a gift from Okawaru
 12771 | Bailey   | Noticed an orc knight
 12793 | Bailey   | Killed an orc knight
 12794 | Bailey   | Reached XP level 12. HP: 60/119 MP: 16/16
 12998 | Bailey   | Noticed an orc warlord
 13016 | Bailey   | Killed an orc warlord
 13054 | Bailey   | Acquired a manual of Dodging
 14137 | D:11     | Found a staircase to the Orcish Mines.
 14251 | D:11     | Noticed a boulder beetle
 14283 | D:11     | Killed a boulder beetle
 14283 | D:11     | Received a gift from Okawaru
 14350 | D:11     | Found a snail-covered altar of Cheibriados.
 14352 | D:11     | Found Cheibriados's Comfort Zone.
 14459 | D:11     | Noticed a two-headed ogre
 14466 | D:11     | Killed a two-headed ogre
 14482 | D:11     | Identified the ring of Vajeiz {Wiz Int+3}
 14783 | D:11     | Noticed a two-headed ogre
 14788 | D:11     | Killed a two-headed ogre
 15059 | D:11     | Noticed a two-headed ogre
 15070 | D:11     | Killed a two-headed ogre
 15439 | D:11     | Reached ****** piety under Okawaru
 15455 | D:11     | Found a staircase to the Lair.
 15530 | D:11     | Acquired the +5 demon whip "Spellbinder" {antimagic,
                  | disrupt, Will+}
 15530 | D:11     | Received a gift from Okawaru
 15530 | D:11     | Found the +5 demon whip "Spellbinder" {antimagic, disrupt,
                  | Will+}
 15533 | D:11     | Acquired the +10 tower shield of Unambiguity {Fly rElec rC+
                  | Slay+3}
 15533 | D:11     | Received a gift from Okawaru
 15587 | Lair:1   | Entered Level 1 of the Lair of Beasts
 15592 | Lair:1   | Reached XP level 13. HP: 127/127 MP: 6/19
 15701 | Lair:1   | Received a gift from Okawaru
 15737 | Lair:1   | Reached skill level 10 in Dodging
 16089 | Lair:1   | Received a gift from Okawaru
 16106 | Lair:1   | Reached skill level 1 in Throwing
 17035 | Lair:2   | Found a staircase to the Snake Pit.
 17066 | Lair:2   | Reached skill level 10 in Invocations
 17530 | Lair:2   | Received a gift from Okawaru
 18072 | Lair:3   | Found a staircase to the Swamp.
 18076 | Lair:3   | Identified the +7 falchion "Muwaesti" {drain, rCorr}
 18415 | Lair:3   | Received a gift from Okawaru
 18416 | Lair:3   | Reached skill level 5 in Throwing
 19400 | Lair:4   | Found a staircase to the Slime Pits.
 19488 | Lair:4   | Received a gift from Okawaru
 19489 | Lair:4   | Reached XP level 14. HP: 136/136 MP: 7/21
 20357 | Lair:5   | Entered Level 5 of the Lair of Beasts
 20482 | Lair:5   | Received a gift from Okawaru
 20923 | Lair:5   | Received a gift from Okawaru
 20934 | Lair:5   | Reached skill level 10 in Shields
 22229 | D:4      | Killed Crazy Yiuf
 22335 | D:5      | Killed bmb222's ghost
 22429 | D:2      | Bought a potion of curing for 42 gold pieces
 22429 | D:2      | Bought a potion of heal wounds for 70 gold pieces
 22606 | Orc:1    | Entered Level 1 of the Orcish Mines
 22710 | Orc:2    | Entered Level 2 of the Orcish Mines
 22710 | Orc:2    | Found a staircase to the Elven Halls.
 22858 | Orc:2    | Noticed Erolcha
 22866 | Orc:2    | Killed Erolcha
 22866 | Orc:2    | Received a gift from Okawaru
 23216 | Orc:1    | Identified the +4 scimitar of True Grit {pain, Int+2}
 23226 | Orc:1    | Reached XP level 15. HP: 134/143 MP: 7/22
 23660 | Orc:1    | Received a gift from Okawaru
 23758 | Orc:1    | Noticed an orc warlord
 23786 | Orc:1    | Killed an orc warlord
 24105 | Orc:2    | Noticed Urug
 24118 | Orc:2    | Killed Urug
 25008 | Orc:2    | Found Komuzxat's Antique Weapon Shop.
 25008 | Orc:2    | Found Nawud's Jewellery Shop.
 25009 | Orc:2    | Found Saveovvo's Weapon Boutique.
 25013 | Orc:2    | Found Afuh's Weapon Boutique.
 25366 | D:12     | Received a gift from Okawaru
 25475 | D:12     | Found a bloodstained altar of Trog.
 25688 | D:12     | Reached skill level 15 in Maces & Flails
 26250 | D:13     | Received a gift from Okawaru
 26397 | D:13     | You are sucked into a shaft and drop 2 floors!
 26397 | D:15     | Entered Level 15 of the Dungeon
 26632 | D:14     | Received a gift from Okawaru
 26633 | D:14     | Reached skill level 9 in Fighting
 26943 | D:14     | Found a gate to the Vaults.
 26945 | D:14     | Noticed a tengu reaver
 26959 | D:14     | Killed a tengu reaver
 27300 | D:13     | Noticed Azrael
 27322 | D:13     | Killed Azrael
 27327 | D:13     | Reached XP level 16. HP: 99/156 MP: 21/23
 27510 | D:13     | Noticed Frances
 27522 | D:13     | Killed Frances
 27802 | D:13     | Noticed Nessos
 27813 | D:13     | Killed Nessos
 28041 | D:13     | Found a hazy altar of Hepliaklqana.
 28608 | D:14     | Reached skill level 10 in Fighting
 28610 | D:14     | Identified the +7 war axe of Annihilation {heavy, rPois
                  | Will+ Stlth-}
 29271 | D:15     | Received a gift from Okawaru
 29903 | D:15     | Reached skill level 10 in Armour
 30068 | D:15     | Found a staircase to the Depths.
 30600 | Snake:1  | Entered Level 1 of the Snake Pit
 30609 | Snake:1  | Received a gift from Okawaru
 30652 | Snake:1  | Found a flickering gateway to a bazaar.
 30662 | Bazaar   | Entered a bazaar
 30665 | Bazaar   | Found Imompuwuci's Distillery.
 30666 | Bazaar   | Found Plog's Jewellery Emporium.
 30675 | Bazaar   | Found Mutaomno's General Store.
 30694 | Bazaar   | Found Uphaz's Magic Scroll Emporium.
 30702 | Bazaar   | Bought a scroll of teleportation for 27 gold pieces
 30702 | Bazaar   | Bought a scroll of blinking for 67 gold pieces
 30702 | Bazaar   | Bought a scroll of blinking for 67 gold pieces
 30719 | Bazaar   | Bought a scarf of resistance for 288 gold pieces
 30737 | Bazaar   | Bought a ring of poison resistance for 320 gold pieces
 30750 | Bazaar   | Bought a potion of curing for 33 gold pieces
 30755 | Bazaar   | Bought a ring of positive energy for 320 gold pieces
 30755 | Bazaar   | Bought an amulet of reflection for 480 gold pieces
 30811 | Snake:1  | Found a frozen archway.
 30822 | IceCv    | Entered an ice cave
 31421 | IceCv    | Noticed an Ice Fiend
 31445 | IceCv    | Killed an Ice Fiend
 31556 | IceCv    | Identified the +2 ice dragon scales "Fuajon" {rF- rC++
                  | Will+ Regen+ Stlth-}
 32544 | Snake:1  | Received a gift from Okawaru
 32824 | Snake:1  | Reached XP level 17. HP: 164/166 MP: 8/24
 33029 | Snake:1  | Found Kifum's Jewellery Shoppe.
 33029 | Snake:1  | Found Mithohap's Book Boutique.
 33030 | Snake:1  | Found Fopp's Book Boutique.
 33988 | Snake:2  | Received a gift from Okawaru
 34886 | Snake:2  | Found Jerr's Magic Scroll Emporium.
 35756 | Snake:3  | Received a gift from Okawaru
 35863 | Snake:3  | Reached skill level 15 in Armour
 36475 | Snake:3  | Identified the dragon-blood talisman of Quantum Leap {rF+
                  | Str+4 Int-3 Dex+2}
 37022 | Snake:4  | Entered Level 4 of the Snake Pit
 37269 | Snake:4  | Received a gift from Okawaru
 37545 | Snake:4  | Reached XP level 18. HP: 167/174 MP: 8/25
 37810 | Snake:4  | Identified the serpent talisman "Puohebij" {rC++ Will+++
                  | Str-4 Stlth+}
 37810 | Snake:4  | Noticed Aizul
 37832 | Snake:4  | Killed Aizul
 37832 | Snake:4  | Received a gift from Okawaru
 38603 | Snake:4  | Got a serpentine rune of Zot
 38719 | Snake:4  | Noticed Louise
 38737 | Snake:4  | Killed Louise
 38848 | Snake:4  | Noticed Agnes
 38869 | Snake:4  | Killed Agnes
 39615 | Swamp:1  | Entered Level 1 of the Swamp
 39633 | Swamp:1  | Received a gift from Okawaru
 40428 | Swamp:2  | Noticed Roxanne
 40503 | Swamp:2  | Received a gift from Okawaru
 41057 | Swamp:2  | Killed Roxanne
 41195 | Swamp:3  | Noticed Donald
 41221 | Swamp:3  | Killed Donald
 41593 | Swamp:3  | Found a basalt altar of Yredelemnul.
 41841 | Swamp:4  | Entered Level 4 of the Swamp
 41856 | Swamp:4  | Received a gift from Okawaru
 41857 | Swamp:4  | Reached XP level 19. HP: 162/182 MP: 26/26
 41879 | Swamp:4  | Noticed Kirke
 41925 | Swamp:3  | Killed Kirke
 42444 | Swamp:4  | Got a decaying rune of Zot
 42967 | Swamp:4  | Received a gift from Okawaru
 43897 | Vaults:1 | Entered Level 1 of the Vaults
 44750 | Vaults:1 | Found Joinorih's Jewellery Boutique.
 44929 | Vaults:1 | Received a gift from Okawaru
 45136 | Vaults:1 | Found Ykemin's Weapon Shop.
 45715 | Vaults:1 | Found Gimappiz's Weapon Shop.
 45937 | Vaults:1 | Received a gift from Okawaru
 46156 | Vaults:1 | Found Puimov's Antique Armour Boutique.
 46607 | Vaults:2 | Reached XP level 20. HP: 155/191 MP: 9/27
 46807 | Vaults:2 | Paralysed by a formless jellyfish for 1 turns
 47258 | Vaults:2 | Received a gift from Okawaru
 47265 | Vaults:2 | Found a staircase to the Crypt.
 47265 | Vaults:2 | Found an ancient bone altar of Kikubaaqudgha.
 47285 | Vaults:2 | Found a basalt altar of Yredelemnul.
 47719 | Vaults:2 | Reached skill level 11 in Fighting
 48377 | Vaults:3 | Received a gift from Okawaru
 48450 | Vaults:3 | Found a flickering gateway to a bazaar.
 48464 | Bazaar   | Entered a bazaar
 48464 | Bazaar   | Found Kedutemeu's Assorted Antiques.
 48464 | Bazaar   | Found Gaimpick's General Store.
 48464 | Bazaar   | Found Nales's Jewellery Emporium.
 48583 | Bazaar   | Bought the +3 crown of Dyrovepreva {rElec Int+2 SInv} for
                  | 869 gold pieces
 48583 | Bazaar   | Found the +3 crown of Dyrovepreva {rElec Int+2 SInv}
 48588 | Bazaar   | Bought a scroll of enchant weapon for 157 gold pieces
 48648 | Vaults:3 | Reached skill level 12 in Fighting
 49844 | Vaults:3 | Received a gift from Okawaru
 51267 | Vaults:4 | Reached skill level 13 in Fighting
 51288 | Vaults:4 | Reached skill level 15 in Shields
 51288 | Vaults:4 | Reached XP level 21. HP: 210/210 MP: 9/28
 51647 | Snake:1  | Bought a ring of fire for 375 gold pieces
 52430 | Vaults:4 | Received a gift from Okawaru
 52573 | Vaults:4 | Reached skill level 14 in Fighting
 53079 | Vaults:4 | Paralysed by a formless jellyfish for 1 turns
 53088 | Vaults:4 | Paralysed by a formless jellyfish for 1 turns
 53343 | Vaults:5 | Entered Level 5 of the Vaults
 53557 | Elf:1    | Entered Level 1 of the Elven Halls
 53572 | Orc:2    | Received a gift from Okawaru
 53692 | Elf:1    | Found a portal to a secret trove of treasure.
 53976 | Elf:1    | Reached skill level 15 in Fighting
 53990 | Elf:1    | Got Fiverr's Anthology of Corpses
 54087 | Elf:1    | Paralysed by an air elemental for 1 turns
 54498 | Elf:2    | Received a gift from Okawaru
 54724 | Elf:2    | Noticed Nikola
 54737 | Elf:2    | Killed Nikola
 54849 | Elf:2    | Got the Tempter's Tome of Forbidden Fruit
 54933 | Elf:2    | Identified the +1 pair of boots "Loriow" {Rampage rN+}
 54982 | Elf:2    | Reached XP level 22. HP: 194/230 MP: 9/29
 55087 | Elf:2    | Received a gift from Okawaru
 55234 | Elf:2    | Reached skill level 16 in Fighting
 55239 | Elf:2    | Found a huge runed translucent gate.
 55241 | Elf:2    | Found a huge runed translucent gate.
 55246 | Elf:2    | Found a huge runed translucent gate.
 55247 | Elf:2    | Found a huge runed translucent gate.
 55247 | Elf:2    | Found a huge runed translucent gate.
 55970 | Elf:3    | Entered Level 3 of the Elven Halls
 56044 | Elf:3    | Received a gift from Okawaru
 56240 | Elf:3    | Paralysed by an air elemental for 1 turns
 56252 | Elf:3    | Found Jyusajai's Distillery.
 56368 | Elf:3    | Reached skill level 17 in Fighting
 56760 | Elf:3    | Identified the +6 broad axe of Youthful Indiscretion
                  | {freeze, Fly rF+ Str-3}
 56798 | Elf:3    | Identified the staff "Fynan" {rPois Int+4 Alchemy}
 56836 | Elf:3    | Identified the ring "Lecagg" {*Corrode rPois Dex+4}
 56836 | Elf:3    | Identified the ring of Yskin {Fire MP+9 Int+4}
 56868 | Elf:3    | Received a gift from Okawaru
 56907 | Elf:3    | Identified the +10 scimitar "Wyicach" {drain, rElec rF-
                  | Int+4 SInv Stlth+}
 57004 | Elf:3    | Identified the +0 plate armour of the Lotus Blossom {Fly
                  | Str+2}
 57177 | Elf:3    | Got Lyug's Precepts of the Puissant Tundra
 57226 | Elf:3    | Identified the +6 shortbow "Edughet" {heavy, rElec rPois
                  | Will+ Str-5}
 57582 | Depths:1 | Entered Level 1 of the Depths
 57729 | Depths:1 | Found a gateway to Hell.
 57973 | Depths:1 | Found a one-way gate to the infinite horrors of the Abyss.
 57977 | Depths:1 | Noticed Mara
 57985 | Depths:1 | Reached skill level 18 in Fighting
 57998 | Depths:1 | Killed Mara
 57998 | Depths:1 | Received a gift from Okawaru
 58409 | Depths:2 | Reached XP level 23. HP: 244/245 MP: 13/30
 58822 | Depths:2 | Noticed a juggernaut
 58847 | Depths:2 | Killed a juggernaut
 58938 | Depths:2 | Found an opulent altar of Gozag.
 59092 | Depths:2 | Found a one-way gate leading to the halls of Pandemonium.
 59218 | Depths:3 | Noticed Frederick
 59367 | Depths:2 | Killed Frederick
 59367 | Depths:2 | Received a gift from Okawaru
 59586 | Depths:3 | Noticed a golden dragon
 59657 | Depths:3 | Killed a golden dragon
 59658 | Depths:3 | Reached skill level 19 in Fighting
 59692 | Depths:3 | Noticed Norris
 59743 | Depths:3 | Killed Norris
 60164 | Depths:3 | Received a gift from Okawaru
 60460 | Depths:3 | Noticed a golden dragon
 60474 | Depths:3 | Killed a golden dragon
 60485 | Depths:3 | Noticed a golden dragon
 60496 | Depths:3 | Killed a golden dragon
 60825 | Depths:3 | Noticed epsilonplus's ghost (adept AtFi)
 60827 | Depths:3 | Found a bloodstained altar of Trog.
 60836 | Depths:3 | Noticed a juggernaut
 60866 | Depths:3 | Found a transporter.
 60891 | Depths:3 | Found a transporter.
 60930 | Depths:3 | Found a one-way gateway to a ziggurat.
 61660 | Depths:4 | Entered Level 4 of the Depths
 61661 | Depths:4 | Noticed Mennas
 61696 | Depths:3 | Killed Mennas
 61696 | Depths:3 | Received a gift from Okawaru
 61779 | Depths:4 | Noticed Jory
 61905 | Depths:4 | Reached skill level 20 in Fighting
 61931 | Depths:3 | Killed Jory
 62286 | Depths:4 | Reached XP level 24. HP: 245/265 MP: 30/30
 62823 | Depths:4 | Received a gift from Okawaru
 62991 | Depths:4 | Noticed Parghit
 63023 | Depths:4 | Killed Parghit
 63201 | Depths:4 | Found Ylimoum's Book Emporium.
 63696 | Depths:4 | Reached skill level 21 in Fighting
 63720 | Depths:4 | Found a gate to the Realm of Zot.
 64200 | Elf:1    | You paid a toll of a +7 demon whip to enter a treasure
                  | trove
 64201 | Trove    | Entered a treasure trove
 64210 | Trove    | Identified the ring "Neucece" {Wiz +Blink rN+ Dex-3}
 64216 | Trove    | Identified the amulet of Wonder {Harm Regen+ Int+3}
 64222 | Trove    | Identified the amulet of Teolazuf {rPois Regen+}
 64225 | Trove    | Identified the ring "Cura" {rN+ rCorr Str+4 Stlth+}
 64229 | Trove    | Identified the ring of Xiutsur {rPois rF+ MP+9 Stlth+}
 64233 | Trove    | Identified the ring of Irrepressible Laughter {*Slow Fly
                  | Will+++ Str+3 Slay+4}
 64834 | Vaults:5 | Received a gift from Okawaru
 64878 | Vaults:5 | Reached skill level 22 in Fighting
 64961 | Vaults:5 | Received a gift from Okawaru
 65057 | Vaults:5 | Reached skill level 10 in Throwing
 65522 | Vaults:5 | Found Meman's Weapon Shop.
 65815 | Vaults:5 | Received a gift from Okawaru
 65916 | Vaults:5 | Identified the +1 leather armour of the Lumpy Emperors
                  | {rF++}
 65955 | Vaults:5 | Reached XP level 25. HP: 169/264 MP: 30/30
 65957 | Vaults:5 | Reached skill level 15 in Dodging
 65978 | Vaults:5 | Noticed an ancient lich
 66013 | Vaults:5 | Killed an ancient lich
 66116 | Vaults:5 | Identified the +6 chain mail of Vlad {Int+5 Slay-4}
 66117 | Vaults:5 | Identified the +2 hand axe "Gelemioj" {heavy, Str+4 Int-4
                  | Stlth+}
 66495 | Vaults:5 | Got a silver rune of Zot
 66513 | Vaults:5 | Received a gift from Okawaru
 66596 | Vaults:5 | Identified the staff "Lack" {Fly rF- Will+++ rCorr Earth}
 66598 | Vaults:5 | Got Sif Muna's Catalogue of Allies and Despair
 66635 | Vaults:5 | Got the Grimoire of Ruinous Bewitchment
 66654 | Vaults:5 | Identified the +1 robe of Mirth {+Inv Int+2}
 67261 | Vaults:5 | Found Meman's Weapon Shop.
 68504 | Depths:3 | Learned a level 4 spell: Vhi's Electric Charge
 68852 | Snake:1  | Bought a book of Minor Magic for 192 gold pieces
 68855 | Snake:1  | Learned a level 2 spell: Blink
 69152 | Depths:1 | Voluntarily entered the Abyss.
 69472 | Abyss:3  | Found a corrupted altar of Lugonu.
 69560 | Abyss:3  | Gained mutation: Your magical capacity is low. (-10% MP) [a
                  | cacodemon]
 69637 | Abyss:3  | Received a gift from Okawaru
 69663 | Abyss:3  | Found a corrupted altar of Lugonu.
 69685 | Abyss:3  | Got an abyssal rune of Zot
 69725 | Depths:1 | Escaped the Abyss
 70029 | Slime:1  | Entered Level 1 of the Pits of Slime
 70629 | Slime:5  | Entered Level 5 of the Pits of Slime
 70691 | Slime:5  | Gained mutation: Your health recovers twice as slowly from
                  | being drained. [a shining eye]
 70827 | Slime:5  | Received a gift from Okawaru
 70867 | Slime:5  | Reached XP level 26. HP: 237/291 MP: 27/27
 70990 | Slime:5  | Found a viscous altar of Jiyva.
 70991 | Slime:5  | Noticed the Royal Jelly
 71008 | Slime:5  | Killed the Royal Jelly
 71009 | Slime:5  | Reached skill level 15 in Throwing
 71102 | Slime:5  | Identified the +7 spear of the Magic Mushroom {venom,
                  | +Blink Dex+3}
 71104 | Slime:5  | Identified the +3 shortbow "Webu Codd" {flame, rF+}
 71109 | Slime:5  | Got the Handbook of the Horrible Dragon
 71139 | Slime:5  | Identified the +8 long sword of the Summoning Gods {flame,
                  | Dex+3}
 71153 | Slime:5  | Got a slimy rune of Zot
 71176 | Slime:5  | Identified the amulet of Mistrust {Reflect Will- Regen+
                  | SH+5 SInv}
 71248 | Slime:5  | Gained mutation: You have hidden genetic potential. [a
                  | shining eye]
 71840 | Zot:1    | Entered Level 1 of the Realm of Zot
 71871 | Depths:4 | Reached skill level 1 in Translocations
 72232 | Zot:1    | Received a gift from Okawaru
 72664 | Zot:1    | Reached skill level 5 in Translocations
 72697 | Zot:1    | Gained mutation: Armour fits poorly on your strangely
                  | shaped body. [mutagenic glow]
 72808 | Zot:1    | Found a basalt altar of Yredelemnul.
 73199 | Zot:1    | Received a gift from Okawaru
 73826 | Zot:2    | Noticed an orb of fire
 73855 | Zot:2    | Killed an orb of fire
 74419 | Zot:2    | Noticed Vv
 74486 | Zot:1    | Killed Vv
 74924 | Zot:2    | Reached skill level 10 in Translocations
 75460 | Zot:2    | Received a gift from Okawaru
 75660 | Zot:2    | Reached skill level 23 in Fighting
 75816 | Zot:2    | Reached XP level 27. HP: 286/296 MP: 27/27
 76678 | Zot:2    | Gained mutation: Your spells are a little harder to cast,
                  | but a little more powerful. [hidden potential]
 77079 | Zot:3    | Reached skill level 24 in Fighting
 77444 | Zot:3    | Found a transporter.
 77687 | Zot:3    | Noticed an orb of fire
 77705 | Zot:3    | Gained mutation: You occasionally lose the ability to read
                  | scrolls when taking damage. [an orb of fire]
 77707 | Zot:3    | Killed an orb of fire
 77707 | Zot:3    | Received a gift from Okawaru
 77892 | Zot:3    | Found a transporter.
 77935 | Zot:3    | Reached skill level 25 in Fighting
 78609 | Zot:3    | Noticed an ancient lich
 78627 | Zot:3    | Killed an ancient lich
 78656 | Zot:3    | Received a gift from Okawaru
 78662 | Zot:3    | Noticed a dread lich
 78664 | Zot:3    | Noticed an orb of fire
 78687 | Zot:3    | Killed an orb of fire
 78702 | Zot:3    | Killed a dread lich
 78703 | Zot:3    | Reached skill level 26 in Fighting
 78752 | Zot:3    | Upgraded the game from 0.31-a0-1370-gf52a5a9ab3 to
                  | 0.31-a0-1388-g4b2ba238e7
 79173 | Zot:3    | Identified the amulet "Ofufiw" {Acrobat Rampage ^Fragile
                  | Int+3}
 79193 | Zot:3    | Identified the ring "Zent" {rElec Str-5 Int+2 SInv}
 79328 | Zot:4    | Received a gift from Okawaru
 79896 | Zot:4    | Reached skill level 27 in Fighting
 80164 | Zot:4    | Lost mutation: Your spells are a little harder to cast, but
                  | a little more powerful. [mutagenic glow]
 80178 | Zot:4    | Gained mutation: You sometimes lose the ability to read
                  | scrolls when taking damage. [mutagenic glow]
 80192 | Zot:4    | Gained mutation: Your body sometimes deteriorates upon
                  | taking damage. [mutagenic glow]
 80203 | Zot:4    | Lost mutation: You have hidden genetic potential.
                  | [mutagenic glow]
 80889 | Zot:5    | Entered Level 5 of the Realm of Zot
 80898 | Zot:5    | Received a gift from Okawaru
 81471 | Zot:5    | Noticed a dread lich
 81476 | Zot:5    | Noticed a dread lich
 81491 | Zot:5    | Killed a dread lich
 81510 | Zot:5    | Killed a dread lich
 81878 | Zot:5    | Paralysed by a formless jellyfish for 1 turns
 82225 | Zot:5    | Noticed an orb of fire
 82265 | Zot:5    | Gained mutation: Your body often deteriorates upon taking
                  | damage. [an orb of fire]
 82271 | Zot:5    | Killed an orb of fire
 82720 | Zot:5    | Noticed a dread lich
 82728 | Zot:5    | Killed a dread lich
 82728 | Zot:5    | Received a gift from Okawaru
 82947 | Zot:5    | Noticed an orb of fire
 82947 | Zot:5    | Gained mutation: You are weak. (Str -2) [an orb of fire]
 82948 | Zot:5    | Noticed a dread lich
 82966 | Zot:5    | Noticed a dread lich
 82970 | Zot:5    | Gained mutation: Your spells are a little easier to cast,
                  | but a little less powerful. [an orb of fire]
 82979 | Zot:5    | Lost mutation: Your spells are a little easier to cast, but
                  | a little less powerful. [an orb of fire]
 82983 | Zot:5    | Gained mutation: You are frail. (-10% HP) [an orb of fire]
 82987 | Zot:5    | Killed a dread lich
 82989 | Zot:5    | Killed an orb of fire
 82997 | Zot:5    | Killed a dread lich
 83003 | Zot:5    | Noticed an orb of fire
 83012 | Zot:5    | Killed an orb of fire
 83015 | Zot:5    | Noticed an ancient lich
 83015 | Zot:5    | Noticed a dread lich
 83019 | Zot:5    | Killed an ancient lich
 83022 | Zot:5    | Killed a dread lich
 83876 | Zot:5    | Lost mutation: Your magical capacity is low. (-10% MP)
                  | [potion of mutation]
 83876 | Zot:5    | Lost mutation: You are frail. (-10% HP) [potion of
                  | mutation]
 83876 | Zot:5    | Lost mutation: Your health recovers twice as slowly from
                  | being drained. [potion of mutation]
 83876 | Zot:5    | Gained mutation: You expend magic power (3 MP) to
                  | strengthen your wands. [potion of mutation]
 83876 | Zot:5    | Gained mutation: You have a somewhat thin skeletal
                  | structure. (Dex +2, Stealth+) [potion of mutation]
 83878 | Zot:5    | Lost mutation: Your body often deteriorates upon taking
                  | damage. [potion of mutation]
 83878 | Zot:5    | Lost mutation: You have a somewhat thin skeletal structure.
                  | (Dex +2, Stealth+) [potion of mutation]
 83878 | Zot:5    | Lost mutation: Armour fits poorly on your strangely shaped
                  | body. [potion of mutation]
 83878 | Zot:5    | Lost mutation: Your body sometimes deteriorates upon taking
                  | damage. [potion of mutation]
 83878 | Zot:5    | Gained mutation: You have hidden genetic potential. [potion
                  | of mutation]
 83879 | Zot:5    | Lost mutation: You are weak. (Str -2) [potion of mutation]
 83879 | Zot:5    | Lost mutation: You have hidden genetic potential. [potion
                  | of mutation]
 83879 | Zot:5    | Lost mutation: You sometimes lose the ability to read
                  | scrolls when taking damage. [potion of mutation]
 83879 | Zot:5    | Gained mutation: You are dopey. (Int -2) [potion of
                  | mutation]
 83879 | Zot:5    | Gained mutation: You are vulnerable to heat. (rF-) [potion
                  | of mutation]
 83879 | Zot:5    | Gained mutation: You have hidden genetic potential. [potion
                  | of mutation]
 83880 | Zot:5    | Lost mutation: You expend magic power (3 MP) to strengthen
                  | your wands. [potion of mutation]
 83880 | Zot:5    | Lost mutation: You are vulnerable to heat. (rF-) [potion of
                  | mutation]
 83880 | Zot:5    | Lost mutation: You are dopey. (Int -2) [potion of mutation]
 83880 | Zot:5    | Gained mutation: Your mind is acute. (Int +4, Str/Dex -1)
                  | [potion of mutation]
 83881 | Zot:5    | Lost mutation: You occasionally lose the ability to read
                  | scrolls when taking damage. [potion of mutation]
 83881 | Zot:5    | Lost mutation: Your mind is acute. (Int +4, Str/Dex -1)
                  | [potion of mutation]
 83881 | Zot:5    | Lost mutation: You have hidden genetic potential. [potion
                  | of mutation]
 83881 | Zot:5    | Gained mutation: You have sharp toenails. [potion of
                  | mutation]
 83881 | Zot:5    | Gained mutation: You are covered in fur. (AC +1) [potion of
                  | mutation]
 83922 | Zot:5    | Got the Orb of Zot
 83959 | Zot:4    | Noticed Ymes the pandemonium lord
 83970 | Zot:4    | Killed Ymes the pandemonium lord
 84588 | D:$      | Escaped with the Orb!

Illustrated notes

Levels and vault maps discovered:
D:1:      saegor_arrival_fortress, layout_basic, amcnicky_mini_pool_small,
          minmay_shallow_snake_nest
D:2:      layout_basic, serial_shops, shop, grunt_ministairs_1
D:3:      layout_loops_ring, shapermc_ecumenical_altar_pompeii, minmay_ruptured,
          uniq_sigmund
D:4:      layout_cave_pods, serial_forest, infiniplex_forest_straight_1,
          infiniplex_forest_zigzag_2, infiniplex_forest_clump_double,
          infiniplex_forest_lined_room_, infiniplex_forest_straight_4,
          infiniplex_forest_lined_ring, infiniplex_forest_lined_3_way,
          uniq_ijyb, uniq_crazy_yiuf_cottage, uniq_pikel
D:5:      layout_gridville, lemuel_tele_altar, ebering_ghost_sewer_d,
          nicolae_stop_n_shop_2
D:6:      layout_basic, minmay_temple_entry_statues, hex_intersection,
          hellmonk_no_cap
D:7:      kb_forest_paths, layout_loops_corners, nicolae_uskayaw_en_pointe
D:8:      layout_cave_pools, due_unseen_surprise, uniq_erica, uniq_maggie
D:9:      layout_basic, uniq_joseph
D:10:     layout_cave_pools, enter_bailey_5, uniq_maurice, uniq_fannar
D:11:     layout_small_grid, erik_lair_dragon, erik_orc_2, minmay_shop_chei
D:12:     layout_loops_ring, special_room [special_room_orc],
          trog_three_pillars_becter
D:13:     layout_irregular_city, nicolae_hepliaklqana_hippocampus, uniq_nessos,
          uniq_frances, uniq_azrael
D:14:     nicolae_hitomezashi [nicolae_hito_row, nicolae_hito_row,
          nicolae_hito_row, nicolae_hito_row, nicolae_hito_row,
          nicolae_hito_row, nicolae_hito_row, nicolae_hito_row,
          nicolae_hito_row, nicolae_hito_row, nicolae_hito_row,
          nicolae_hito_row, nicolae_hito_row, nicolae_hito_row,
          nicolae_hito_row, nicolae_hito_row, nicolae_hito_row,
          nicolae_hito_row], layout_loops_ring,
          hellmonk_vaults_attempted_burglary, lightli_fourway_metalbox
D:15:     grunt_enter_depths_snipers, layout_irregular_city,
          small_statue_intersection, minmay_shattered_shrine
Temple:   mainiacjoe_temple_cubbyholes
Lair:1:   layout_regular_city
Lair:2:   layout_regular_city, guppyfry_snake_entry_garden,
          serial_bayou_lagoon_a
Lair:3:   layout_concentric_octagons, minmay_swamp_entry_worms, minivault_26,
          serial_bayou_shore_a
Lair:4:   layout_small_grid, slime_entry_1
Lair:5:   minmay_lair_end_frog_pond, layout_cave_pods,
          infiniplex_staircase_pool_2
Swamp:1:  layout_falls_marsh, hangedman_swamp_blocks, swamp_pool_1_2
Swamp:2:  layout_basic_swamp, evilmike_swamp_ruin_rubble_2, uniq_roxanne
Swamp:3:  nicolae_swamp_husk_halls, layout_basic_swamp, basic_altar, uniq_donald
Swamp:4:  swamp_fiery, layout_basic_swamp, uniq_kirke
Snake:1:  layout_honeycomb, portal_ice_cave_entry_pillars_2, serial_shops,
          bzr_entry_customers, minmay_shop_grove
Snake:2:  layout_chambers, serial_shops, shop, st_stairs_7,
          nicolae_snake_round_shape_thing, grunt_ministairs_7
Snake:3:  kennysheep_six_static_rooms, layout_grid_shapes, st_stairs_5,
          nicolae_snake_yet_another_twisty_hallway
Snake:4:  snake_pit, layout_chambers, uniq_agnes, uniq_aizul, uniq_louise
Slime:1:  layout_caves
Slime:2:  layout_caves
Slime:3:  layout_caves
Slime:4:  layout_caves, special_room [special_room_jelly],
          cheibrodos_slime_lost_civilization_5
Slime:5:  slime_pit_nicolae_block_by_block
Orc:1:    layout_diamond_mine, elf_legates
Orc:2:    st_orc_mages, layout_diamond_mine, uniq_erolcha, uniq_urug
Elf:1:    minmay_elf_arrival_circle, layout_geoelf_octagon, enter_trove_0,
          minmay_elf_necromancy
Elf:2:    elven_hall_of_blades_hangedman_alternative
          [nicolae_vaults_blade_armed_guards], layout_gridlike, nicolae_wwwww,
          pf_eden, uniq_nikola
Elf:3:    minmay_elf_hall_furrowed, layout_rooms, serial_shops,
          nicolae_square_shop, hex_intersection, grunt_ministairs_2
Vaults:1: nicolae_vaults_house_3, nicolae_vaults_network_square, v_misc_1,
          vaults_dpeg_diagonal, ontoclasm_vaults_gallery,
          nicolae_vaults_tetromino_Z_2, nicolae_vaults_little_squares_2,
          nicolae_vaults_apartment_2, nicolae_vaults_tetromino_L_2,
          nicolae_vaults_tetromino_L_1, layout_vaults_quadrants, serial_shops,
          nicolae_diamond_shop, nicolae_shop_tiny_statue_garden,
          nicolae_shop_tiny_real_fake_doors, shop
Vaults:2: nicolae_vaults_hexular_roomagon, minmay_crypt_entry_necro_gods,
          nicolae_vaults_specimen_jars, nicolae_vaults_diamond_1,
          nicolae_vaults_inception_statues, v_misc_26,
          nicolae_vaults_trapezoid_2, st_cells, nicolae_vaults_frosty_reception,
          vaults_dpeg_cross, nicolae_vaults_closet_pinwheel_2,
          layout_vaults_omnibox
Vaults:3: nicolae_vaults_meiosis, nicolae_vaults_storage_room_statues,
          hangedman_vaults_corner_blocks, nicolae_vaults_wine_cellar,
          hangedman_vaults_slice, nicolae_vaults_diamond_2,
          nicolae_vaults_house_2, nicolae_vaults_offset_grid_hallway_4,
          vaults_room_corners, layout_vaults_chaotic_city, serial_shops,
          bzr_entry_islet
Vaults:4: nicolae_vaults_mitosis, nicolae_vaults_little_ls,
          nicolae_vaults_an_arrangement, hangedman_vaults_stretched_pinwheel,
          nicolae_vaults_sesquioval_fish, nicolae_vaults_doubleplus_tesselated,
          v_misc_11, nicolae_vaults_what_the_h, vaults_room_stairs_pillars,
          v_misc_10, nicolae_vaults_tangram_1, layout_vaults_ring
Vaults:5
Depths:1: layout_roguey, abyss_entry, chequers_serial_rivers_micro_e,
          hangedman_coc_ice_floe, minmay_stone_trees_small,
          kennysheep_just_a_vault, firewood_loft, uniq_mara
Depths:2: minmay_inside_and_out, layout_cave_pools, hell_entry,
          nicolae_gozag_seed_capital, rand_demon_pan_entry_4
Depths:3: minmay_bloctagon, layout_long_grid, enter_ziggurat_a,
          gammafunk_ghost_wrathful_warriors, abyss_entry, pan_entry,
          hellmouth_3, infiniplex_staircase_split_hallway, uniq_norris,
          uniq_frederick
Depths:4: grunt_zot_entry_gee_three, layout_gridville, nicolae_titane,
          rand_demon_pan_entry_5, serial_shops, shop, hell_entry, uniq_parghit,
          uniq_jory, uniq_mennas, uniq_margery
Zot:1:    kennysheep_spiral_hall, layout_gridville,
          regret_index_zotdec_bone_old, st_stairs_14,
          hangedman_zot_wheel_spokes, grunt_ministairs_14
Zot:2:    layout_basic, st_small_dragon_hoard_4, hangedman_hellfire_club,
          uniq_vv
Zot:3:    gammafunk_dig_for_victory, layout_cathedral_of_symmetry,
          zot_minivault_1
Zot:4:    grunt_zot_stairs_faceoff, layout_gridlike, st_stairs_10
Zot:5:    layout_misc_corridors

Skill      XL: |  1  2  3  4  5  6  7  8  9 10 11 12 13 14 15 16 17 18 19 20 21 22 23 24 25 26 27 |
---------------+----------------------------------------------------------------------------------+-----
Dodging        | 3 4 5 6 7 9 10 12 13 14 16 21 | 21.0
Shields        | 3 4 5 8 10 12 15 17 19 21 22 | 22.0
Maces & Flails | 3 4 6 8 10 12 14 16 | 16.0
Armour         | 2 4 5 7 8 12 16 19 21 22 | 22.0
Invocations    | 5 6 8 10 | 10.0
Fighting       | 6 8 9 10 13 15 18 20 22 23 27 | 27.0
Throwing       | 6 8 10 14 16 | 16.0
Translocations | 10 | 10.0

Action                     |  1- 3 |  4- 6 |  7- 9 | 10-12 | 13-15 | 16-18 | 19-21 | 22-24 | 25-27 || total
---------------------------+-------+-------+-------+-------+-------+-------+-------+-------+-------++-------
  Melee: Flail             |    99 |   136 |       |       |       |       |       |       |       ||   235
         Headbutt          |    12 |    27 |    50 |   145 |   318 |   545 |   664 |   683 |   769 ||  3213
         Whip              |       |       |   258 |   366 |       |       |       |       |       ||   624
         Morningstar       |       |       |       |   383 |   190 |   188 |   287 |       |       ||  1048
         Demon whip        |       |       |       |     4 |  1071 |  1704 |  1715 |  1094 |   497 ||  6085
         War axe           |       |       |       |       |       |    18 |   118 |    10 |       ||   146
         Eveningstar       |       |       |       |       |       |       |       |   792 |  1789 ||  2581
         Broad axe         |       |       |       |       |       |       |       |   213 |    50 ||   263
         Kick              |       |       |       |       |       |       |       |       |    52 ||    52
  Throw: Dart              |       |       |     2 |     9 |     5 |    10 |     7 |    18 |       ||    51
         Large rock        |       |       |       |     3 |    23 |       |       |       |    18 ||    44
         Javelin           |       |       |       |       |     5 |       |     5 |       |    70 ||    80
 Invoke: Heroism           |       |       |       |     7 |     6 |     2 |     7 |     9 |    13 ||    44
         Finesse           |       |       |       |     1 |       |       |       |     2 |     5 ||     8
         Receive Weapon    |       |       |       |     1 |       |       |       |       |       ||     1
         Receive Armour    |       |       |       |     1 |       |       |       |       |       ||     1
  Evoke: Wand              |       |     5 |     2 |    15 |     6 |     4 |       |     4 |    21 ||    57
         Phial of floods   |       |       |       |       |       |       |     1 |       |       ||     1
         Condenser vane    |       |       |       |       |       |       |       |     1 |       ||     1
    Use: Scroll            |       |     5 |     2 |    16 |     7 |     5 |     7 |    24 |     8 ||    74
         Potion            |       |       |       |     9 |     5 |     2 |     3 |       |     9 ||    28
   Stab: Paralysed         |       |    15 |       |     7 |       |       |       |       |       ||    22
         Sleeping          |       |       |       |     3 |     1 |       |       |       |       ||     4
         Petrified         |       |       |       |       |     7 |       |       |       |       ||     7
         Distracted        |       |       |       |       |     2 |       |       |     1 |       ||     3
         Petrifying        |       |       |       |       |     1 |       |       |       |       ||     1
 Armour: Robe              |    74 |    64 |    44 |       |       |       |       |       |       ||   182
         Steam dragon scal |       |       |    75 |   382 |   261 |    21 |       |       |       ||   739
         Skin              |       |       |       |     4 |       |       |       |       |       ||     4
         Fire dragon scale |       |       |       |       |       |   336 |    90 |       |       ||   426
         Ice dragon scales |       |       |       |       |       |   125 |   788 |   358 |       ||  1271
         Gold dragon scale |       |       |       |       |       |       |       |   546 |   932 ||  1478
  Dodge: Dodged            |    28 |    34 |    86 |   240 |   182 |   162 |   355 |   240 |   295 ||  1622
  Block: Kite shield       |    39 |    53 |    88 |   329 |       |       |       |       |       ||   509
         Tower shield      |       |       |       |     1 |  1271 |  2135 |  2609 |  2500 |  2936 || 11452
         Reflection        |       |       |       |       |       |   174 |   142 |   123 |    42 ||   481

Table legend: (Time is in decaauts)
 A = Elapsed time spent in this place.
 B = Non-inter-level travel time spent in this place.
 C = Inter-level travel time spent in this place.
 D = Time resting spent in this place.
 E = Time spent auto-exploring this place.
 F = Levels seen in this place.
 G = Mean time per level.
                   A        B        C        D        E       F      G
               +--------+--------+--------+--------+--------+-----+--------+
         Total |  81466 |  73211 |   8255 |   8076 |  48554 |  61 | 1335.5 |
       Dungeon |  23592 |  19816 |   3776 |   2263 |  14044 |  15 | 1572.8 |
        Temple |     86 |      1 |     85 |      0 |      0 |   1 |   86.0 |
          Lair |   6861 |   6082 |    779 |    469 |   4616 |   5 | 1372.2 |
         Swamp |   3800 |   3578 |    222 |    618 |   1976 |   4 |  950.0 |
     Snake Pit |   7354 |   6944 |    410 |    511 |   5009 |   4 | 1838.5 |
    Slime Pits |   1329 |   1220 |    109 |    219 |    522 |   5 |  265.8 |
  Orcish Mines |   2637 |   2342 |    295 |    617 |   1185 |   2 | 1318.5 |
   Elven Halls |   3550 |   3357 |    193 |    185 |   2075 |   3 | 1183.3 |
        Vaults |  11031 |  10219 |    812 |    357 |   7118 |   5 | 2206.2 |
        Depths |   7157 |   6195 |    962 |   1235 |   3396 |   4 | 1789.2 |
           Zot |  11275 |  10667 |    608 |   1090 |   7585 |   5 | 2255.0 |
         Abyss |    518 |    518 |      0 |      0 |     23 |   3 |  172.7 |
        Bazaar |    252 |    252 |      0 |      0 |    101 |   2 |  126.0 |
         Trove |     51 |     51 |      0 |      0 |     21 |   1 |   51.0 |
        Bailey |    872 |    872 |      0 |    403 |    189 |   1 |  872.0 |
      Ice Cave |   1092 |   1092 |      0 |    107 |    694 |   1 | 1092.0 |
               +--------+--------+--------+--------+--------+-----+--------+

Top non-repeatable levels by time:
Vaults:5: 2913 daAuts
    D:11: 2842 daAuts
   Zot:3: 2668 daAuts
    D:14: 2661 daAuts
   Zot:5: 2569 daAuts
Depths:4: 2512 daAuts
Vaults:3: 2416 daAuts
     D:7: 2379 daAuts
 Snake:4: 2359 daAuts
Vaults:1: 2199 daAuts
Depths:3: 2152 daAuts
   Zot:2: 2129 daAuts
 Snake:2: 2112 daAuts
Vaults:2: 2029 daAuts
   Zot:1: 1961 daAuts
